 Dungeon Crawl Stone Soup version 0.20.1-1-g8b1a95d (console) character file.

235 bli the Magician (level 6, -19/32 HPs)
             Began as a Gargoyle Fire Elementalist on Aug 20, 2017.
             Demolished by Menkaure (21 damage)
             ... on level 4 of the Dungeon.
             The game lasted 00:10:47 (2536 turns).

bli the Magician (Gargoyle Fire Elementalist)       Turns: 2536, Time: 00:10:47

Health: -19/32     AC:  8    Str: 12    XL:     6   Next: 6%
Magic:  10/11      EV: 12    Int: 16    God:
Gold:   228        SH:  0    Dex: 11    Spells: 7/12 levels left

rFire    . . .     SeeInvis .   a - +0 flail (venom)
rCold    . . .     Gourm    .   (no shield)
rNeg     + . .     Faith    .   B - +0 leather armour
rPois    ∞         Spirit   .   (no helmet)
rElec    +         Reflect  .   x - +0 cloak
rCorr    .         Harm     +   (no gloves)
MR       .....                  (no boots)
Stlth    ++........             m - amulet of harm
Regen    0.1/turn               (no ring)
MPRegen  0.2/turn               (no ring)

@: no status effects
A: negative energy resistance 1, electricity resistance, unbreathing,
petrification resistance, rot immunity, AC +4
a: no special abilities


You were on level 4 of the Dungeon.
You were not hungry.

You visited 1 branch of the dungeon, and saw 4 of its levels.

You collected 228 gold pieces.

Inventory:

Hand Weapons
 a - a +0 flail of venom (weapon)
 e - a +0 glaive
 l - a +4 quarterstaff of chaos
 n - a +0 mace
 t - a +0 hand axe of chopping
Missiles
 g - 112 stones (quivered)
Armour
 o - a +0 robe
 x - a +0 cloak (worn)
 B - a +0 leather armour (worn)
Jewellery
 m - an amulet of harm (around neck)
Wands
 A - a wand of iceblast (9/15)
Scrolls
 h - a scroll of recharging {unknown}
 i - a scroll of immolation {unknown}
 k - a scroll of identify {unknown}
 u - a scroll of remove curse {unknown}
 y - a scroll of blinking {unknown}
Potions
 d - a potion of brilliance {unknown}
 f - 4 potions of curing {unknown}
 j - a potion of magic {unknown}
 q - 3 potions of lignification {unknown}
 r - 2 potions of invisibility {unknown}
 s - a potion of agility {unknown}
 v - a potion of might {unknown}
Books
 b - a book of Flames

   Spells                             Type                      Level
   a - Flame Tongue                   Conjuration/Fire             1
   b - Throw Flame                    Conjuration/Fire             2
   c - Conjure Flame                  Conjuration/Fire             3
   d - Inner Flame                    Hexes/Fire                   3
   e - Sticky Flame                   Conjuration/Fire             4
   f - Fireball                       Conjuration/Fire             5
Comestibles
 c - 3 bread rations
 p - a meat ration
 w - 4 fruits
 z - 5 chunks of flesh


   Skills:
 + Level 0.2 Fighting
 + Level 2.0 Maces & Flails
 * Level 1.6 Armour
 + Level 2.0 Dodging
 + Level 2.9 Stealth
 * Level 3.6 Spellcasting
 + Level 2.1 Conjurations
 + Level 3.4 Fire Magic


You had 7 spell levels left.
You knew the following spells:

 Your Spells              Type           Power        Failure   Level  Hunger
a - Flame Tongue          Conj/Fire      ##...        7%          1    None
s - Sticky Flame          Conj/Fire      ##......     56%         4    ####...


Dungeon Overview and Level Annotations

Branches:
Dungeon (4/15)
 Temple: D:4-7

Altars:
Cheibriados

Annotations:
D:4 Menkaure


Innate Abilities, Weirdness & Mutations

You are resistant to torment.
Your stone body is resilient. (AC +4)
You are immune to poison.
You resist negative energy. (rN+)
You are resistant to electric shocks. (rElec)
You can survive without breathing.
You are immune to petrification.
You are immune to rotting.


Message History

The flame tongue hits the scorpion.
The scorpion is almost dead.
Menkaure casts a spell.
Menkaure seems to speed up.
The scorpion stings you. The scorpion barely misses you.
Things that are here:
a hand axe; a leather armour You completely miss Menkaure.
Menkaure hits you but does no damage. The scorpion stings you.
You hit Menkaure.
Menkaure is moderately damaged.
Menkaure closely misses you. The scorpion barely misses you.
Menkaure hits you but does no damage.
You barely miss the scorpion.
The scorpion is almost dead.
Menkaure hits you!
* * * LOW HITPOINT WARNING * * *
The scorpion stings you.
* * * LOW HITPOINT WARNING * * *
Menkaure hits you!!
Ouch! That really hurt!
You die...

#...........
#............
#............
#.........(. #
#........... #
#......... # #.......#
#### ####....####
####..##
.##.##.....#####......##
.#.######.....#........#
..## #####..s@......##
.## #....M.......# ##
#.............## #
#...............#
#...............#
#...............# #.
#..............## ..
#..............# ..
#.............# ..
...........# ..
...........#


You could see Menkaure and a scorpion.

Vanquished Creatures
  Crazy Yiuf (D:3)
  Jessica (D:3)
  Ijyb (D:4)
  Terence (D:3)
  A worker ant (D:4)
  2 adders
  3 worms
  A dart slug (D:2)
  4 orcs
  5 bats
  4 giant cockroaches
  8 goblins
  13 hobgoblins
  5 jackals
  8 kobolds
  A ball python (D:2)
  5 frilled lizards
  3 rats
67 creatures vanquished.

Notes
Turn   | Place    | Note
-------+----------+-------------------------------------------
     0 | D:1      | bli the Gargoyle Fire Elementalist began the quest for the Orb.
     0 | D:1      | Reached XP level 1. HP: 10/10 MP: 3/3
   215 | D:1      | Reached XP level 2. HP: 15/15 MP: 2/5
   993 | D:2      | Reached XP level 3. HP: 19/19 MP: 2/7
  1378 | D:2      | Reached XP level 4. HP: 24/24 MP: 8/8
  1384 | D:2      | Reached skill level 1 in Maces & Flails
  1849 | D:3      | Noticed Terence
  1852 | D:3      | Killed Terence
  1916 | D:3      | Learned a level 4 spell: Sticky Flame
  2044 | D:3      | Reached skill level 1 in Armour
  2045 | D:3      | Reached XP level 5. HP: 22/28 MP: 8/10
  2187 | D:3      | Found a runed door.
  2191 | D:3      | Noticed Crazy Yiuf
  2195 | D:3      | Killed Crazy Yiuf
  2341 | D:3      | Found a snail-covered altar of Cheibriados.
  2341 | D:3      | Noticed Jessica
  2344 | D:3      | Killed Jessica
  2379 | D:4      | Noticed Ijyb
  2389 | D:4      | Killed Ijyb
  2389 | D:4      | Reached XP level 6. HP: 32/32 MP: 7/11
  2521 | D:4      | Noticed Menkaure
  2536 | D:4      | Demolished by Menkaure

Skill      XL: |  1  2  3  4  5 |
---------------+----------------+-----
Spellcasting   | 3 |  3.6
Maces & Flails | 1 2 |  2.0
Armour         | 1 |  1.6
Dodging        | 2 |  2.0
Conjurations   | 2 |  2.1
Fighting       | |  0.2
Stealth        | |  2.9
Fire Magic     | |  3.4

Action                   |  1- 3 |  4- 6 || total
-------------------------+-------+-------++-------
Melee: Unarmed           |    15 |       ||    15
       Club              |    14 |       ||    14
       Flail             |    43 |    57 ||   100
       Mace              |     1 |       ||     1
 Cast: Flame Tongue      |    44 |    35 ||    79
 Stab: Sleeping          |       |     3 ||     3
  Eat: Chunk             |     2 |     4 ||     6
Armor: Robe              |     4 |       ||     4
       Leather armour    |    24 |    39 ||    63
Dodge: Dodged            |    60 |    36 ||    96
